Map: Kairos Junction LE

Players

TIME (Oliveira)

  • Race: Terran Terran
  • Spawn Location: 11:00

Astrea - Winner!

  • Race: Protoss Protoss
  • League: Grandmaster
  • Spawn Location: 5:00

Event: 2019 WCS Winter Americas

VOD

Have the link to the VOD?

Description

Time

  • Played on: March 24, 2019, 2:53 p.m.
  • Length: 16:20

All games in this series

Show
View Real Time Build Order
Export as new Build Order

TIME Terran 

Build Orders:  

Get SALT Encoding   

  12  0:00  SCV  
  13  0:12  SCV  
  14  0:18  Supply Depot  
  14  0:25  SCV  
  15  0:39  SCV  
  15  0:41  Barracks  
  16  0:46  Refinery  
  16  0:51  SCV  
  17  1:04  SCV  
  18  1:16  SCV  
  19  1:29  Orbital Command, Marine  
  20  1:42  Command Center  
  20  1:47  Barracks Reactor  
  20  1:55  SCV, Supply Depot  
  21  2:07  SCV  
  22  2:09  Factory  
  22  2:14  Refinery  
  22  2:19  SCV  
  23  2:23  Marine x2  
  25  2:31  SCV  
  26  2:41  Marine x2  
  26  2:43  SCV  
  29  2:52  Starport  
  29  2:53  Factory Tech Lab  
  29  2:54  Orbital Command  
  29  2:58  SCV  
  30  3:01  Marine x2  
  32  3:10  SCV  
  33  3:13  Siege Tank  
  33  3:19  Marine x2  
  38  3:20  SCV  
  38  3:24  SCV  
  40  3:27  Supply Depot  
  40  3:32  Medivac  
  40  3:34  SCV  
  43  3:36  SCV  
  43  3:37  Marine  
  43  3:39  Marine  
  46  3:49  SCV x2, Supply Depot  
  46  3:52  Cyclone  
  51  3:55  Marine  
  51  3:57  Marine  
  53  4:05  SCV  
  53  4:08  Supply Depot  
  54  4:11  Viking, SCV  
  54  4:13  Marine  
  54  4:15  Marine  
  59  4:17  SCV  
  59  4:18  Supply Depot  
  59  4:23  SCV  
  60  4:29  SCV  
  59  4:31  Marine  
  59  4:36  SCV  
  59  4:37  Command Center  
  60  4:43  SCV  
  61  4:46  Factory Tech Lab  
  61  4:48  Raven  
  61  4:49  SCV  
  64  4:54  Barracks  
  64  4:55  Marine  
  64  4:56  Barracks  
  64  4:57  Marine  
  65  5:03  SCV  
  64  5:11  Engineering Bay  
  64  5:13  Engineering Bay, Siege Tank, Refinery  
  67  5:14  Refinery  
  67  5:15  SCV  
  67  5:16  SCV  
  71  5:27  SCV  
  71  5:28  SCV  
  70  5:38  Terran Infantry Weapons Level 1  
  70  5:41  Starport Reactor  
  70  5:44  SCV, Barracks  
  70  5:45  Barracks, Marine  
  70  5:46  Stimpack  
  70  5:49  Orbital Command  
  72  5:50  SCV  
  72  5:55  Marauder  
  72  5:57  Combat Shield, Marine x2  
  75  5:58  SCV  
  75  6:02  SCV  
  79  6:05  Marauder  
  79  6:09  Terran Infantry Armor Level 1  
  79  6:10  SCV  
  82  6:15  Marine  
  82  6:16  Marauder, Marine  
  86  6:22  Orbital Command  
  86  6:23  Supply Depot  
  86  6:24  Supply Depot  
  86  6:25  SCV x2  
  86  6:26  Marauder  
  86  6:29  Medivac  
  93  6:36  Barracks Reactor  
  93  6:37  Barracks Tech Lab  
  93  6:39  Marine  
  93  6:44  SCV x2, Medivac, Marine  
  93  6:47  Marauder  
  100  6:48  SCV  
  100  6:50  Marauder  
  103  6:55  Supply Depot  
  103  6:56  Supply Depot  
  103  6:57  SCV x2  
  103  7:00  SCV  
  106  7:01  Marine  
  106  7:02  Marauder  
  109  7:11  Starport  
  109  7:15  Factory Reactor  
  109  7:17  SCV x2, Medivac, Marauder  
  109  7:19  SCV  
  109  7:20  Refinery, Supply Depot  
  109  7:21  Refinery  
  118  7:23  Marauder, Marine x2  
  118  7:25  Marine  
  118  7:26  Medivac  
  118  7:29  SCV x2  
  125  7:31  Concussive Shells  
  125  7:37  Supply Depot  
  125  7:41  Marine  
  125  7:42  SCV, Marauder x2  
  125  7:43  Supply Depot  
  129  7:58  Liberator x2  
  106  7:59  Marauder, Marine x2  
  106  8:02  SCV  
  106  8:05  Marine x2  
  100  8:06  Marauder  
  100  8:09  Marauder  
  100  8:16  Marine  
  100  8:17  Marine  
  108  8:21  Marauder, Ghost Academy  
  108  8:23  Marine  
  108  8:24  SCV  
  108  8:25  SCV, Liberator x2  
  113  8:27  Marauder  
  113  8:29  Sensor Tower  
  113  8:31  Armory  
  113  8:32  Engineering Bay  
  115  8:35  Marauder, Supply Depot, Marine  
  115  8:38  SCV  
  118  8:43  Marauder, Marine x3  
  129  8:48  Supply Depot  
  129  8:49  Marauder  
  129  8:52  Liberator  
  129  8:55  Marine  
  131  8:57  SCV  
  131  9:01  Ghost, Marine x2  
  137  9:03  Marine  
  137  9:04  Ghost  
  143  9:14  Supply Depot x2  
  143  9:20  SCV  
  143  9:23  Missile Turret  
  143  9:27  Ghost  
  143  9:28  Marine  
  143  9:29  Marine x3  
  150  9:31  Marauder  
  150  9:32  SCV x2  
  150  9:36  Command Center  
  150  9:38  Marine  
  157  9:43  Terran Infantry Weapons Level 2, Terran Infantry Armor Level 2  
  152  9:45  Viking  
  152  9:46  Marine x2  
  156  9:53  Marauder  
  156  9:54  Liberator  
  156  9:56  Marauder  
  156  9:57  Marauder  
  156  9:58  Terran Ship Weapons Level 1  
  162  10:00  Marine x2  
  164  10:08  Missile Turret  
  164  10:09  Missile Turret  
  164  10:10  Missile Turret  
  167  10:14  Marauder, Viking  
  167  10:15  Viking  
  167  10:17  Marine  
  167  10:18  Marauder  
  174  10:25  Marine  
  174  10:26  Marauder  
  177  10:29  Supply Depot x2  
  177  10:34  Marine x2  
  181  10:36  Marauder  
  181  10:43  Liberator  
  181  10:44  Liberator  
  181  10:48  Marauder, Marine  
  184  10:55  Marauder, Marine x2  
  188  11:01  Viking  
  188  11:02  Medivac, Refinery  
  188  11:03  Marauder  
  200  11:04  Sensor Tower, Refinery  
  200  11:20  Planetary Fortress  
  200  11:32  Marine  
  196  11:33  Marauder  
  193  11:40  Ghost  
  193  11:57  Marine x2  
  193  11:58  Marauder  
  197  12:02  Marauder, Marine  
  197  12:07  Liberator  
  197  12:08  Liberator  
  177  12:17  Marine x2  
  177  12:18  Marauder, Ghost  
  179  12:23  Ghost  
  179  12:25  Marine  
  179  12:28  Liberator  
  184  12:34  Liberator  
  170  12:37  Terran Infantry Armor Level 3, Terran Infantry Weapons Level 3  
  170  12:40  Marine x2  
  159  12:47  Ghost  
  159  12:50  Liberator  
  154  12:53  Ghost  
  154  12:54  Marine  
  154  12:55  SCV  
  154  12:56  SCV  
  154  12:57  SCV, Liberator  
  161  12:58  Command Center  
  161  13:00  SCV  
  161  13:03  Barracks  
  161  13:05  Barracks x2  
  162  13:07  Command Center x2, Marine  
  169  13:30  Liberator  
  169  13:32  Marauder x3  
  175  13:36  Marine  
  175  13:37  Marine x2  
  176  13:46  Marine  
  175  13:51  Barracks Reactor  
  175  13:53  Marauder, Marine  
  175  13:54  Barracks Tech Lab  
  173  13:57  Viking x2, Ghost  
  173  14:00  Barracks Tech Lab  
  173  14:01  Viking  
  180  14:10  Sensor Tower  
  180  14:22  SCV  
  180  14:23  Ghost x3  
  175  14:27  Viking x2  
  179  14:35  Liberator  
  178  14:40  SCV  
  155  14:48  Marine  
  155  14:49  Marauder, Marine x2  
  155  14:50  Marauder  
  137  14:58  Ghost x3  
  136  15:05  Marine  
  129  15:09  Ghost  
  129  15:10  Ghost  
  129  15:12  Liberator  
  128  15:14  Marine  
  128  15:18  Marine x2  
  130  15:32  Marine  
  134  15:39  Planetary Fortress  
  134  15:49  Marauder x2  
  138  15:56  Marauder  
Show
View Real Time Build Order
Export as new Build Order

Astrea Protoss - Winner!

Build Orders: Phoenix Opening, Chargelot Immortal 

Get SALT Encoding   

  12  0:00  Probe  
  13  0:13  Probe  
  14  0:17  Pylon  
  14  0:23  Probe  
  15  0:31  Probe  
  15  0:37  Gateway  
  15  0:39  Probe  
  16  0:46  Assimilator  
  17  0:50  Probe  
  17  0:54  Assimilator  
  18  0:58  Probe  
  19  1:05  Pylon  
  19  1:06  Probe  
  20  1:17  Probe  
  20  1:24  Cybernetics Core  
  21  1:29  Probe  
  24  1:42  Probe  
  25  1:52  Nexus  
  25  1:53  Sentry  
  23  1:55  Probe  
  23  2:01  Warp Gate  
  26  2:07  Probe  
  27  2:13  Pylon  
  27  2:17  Sentry  
  27  2:19  Probe  
  30  2:28  Phoenix  
  30  2:31  Probe  
  30  2:32  Robotics Facility  
  31  2:43  Stalker, Probe  
  34  2:53  Gateway  
  34  2:55  Probe  
  35  3:01  Gateway  
  35  3:02  Probe  
  35  3:04  Probe  
  36  3:10  Probe  
  36  3:12  Phoenix, Probe  
  37  3:19  Probe  
  40  3:20  Observer  
  40  3:21  Probe  
  42  3:31  Probe  
  42  3:34  Probe  
  44  3:37  Immortal  
  48  3:43  Probe  
  48  3:46  Probe  
  50  3:49  Pylon  
  51  3:55  Probe  
  51  3:58  Probe  
  51  4:00  Stalker  
  54  4:05  Pylon  
  54  4:07  Stalker x2  
  58  4:10  Probe x2  
  58  4:14  Observer  
  60  4:19  Immortal  
  64  4:32  Stalker  
  64  4:33  Stalker x2  
  70  4:38  Pylon  
  70  4:39  Pylon  
  70  4:46  Assimilator  
  70  4:49  Assimilator  
  70  4:55  Forge, Twilight Council  
  70  4:56  Probe x2  
  70  5:08  Probe  
  70  5:09  Probe  
  72  5:16  Nexus, Protoss Ground Armor Level 1  
  72  5:20  Probe  
  73  5:21  Probe  
  73  5:22  Warp Prism  
  73  5:25  Charge  
  74  5:33  Probe x2  
  78  5:39  Pylon  
  78  5:40  Phoenix  
  78  5:45  Probe  
  78  5:46  Probe  
  78  5:47  Templar Archives  
  78  5:49  Gateway  
  80  5:57  Probe  
  80  5:58  Probe  
  80  5:59  Observer  
  80  6:00  Gateway  
  80  6:02  Gateway  
  83  6:09  Probe  
  83  6:10  Probe  
  85  6:20  Gateway x2  
  85  6:21  Probe  
  85  6:22  Probe  
  87  6:26  Pylon  
  87  6:27  Immortal  
  87  6:29  Psionic Storm  
  91  6:33  Probe x2  
  91  6:34  Probe  
  94  6:41  Observer, High Templar x2  
  94  6:43  Observer  
  94  6:44  Protoss Ground Weapons Level 1  
  94  6:46  Probe x2  
  100  6:55  Assimilator, Probe  
  100  6:56  Assimilator  
  100  6:57  Zealot, High Templar  
  100  6:58  Probe x2  
  107  7:05  Blink  
  107  7:08  Zealot  
  109  7:10  Pylon  
  108  7:19  Zealot x4  
  116  7:30  Pylon  
  116  7:31  Pylon  
  116  7:33  High Templar  
  116  7:34  Zealot x3  
  124  7:48  Immortal  
  104  7:59  Zealot x6  
  104  8:02  Archon  
  106  8:09  High Templar x2  
  110  8:16  Protoss Ground Weapons Level 2  
  106  8:21  Nexus  
  106  8:22  High Templar x2  
  106  8:23  Zealot x3, High Templar  
  118  8:28  Probe x3  
  118  8:29  Immortal  
  125  8:42  Stalker, Pylon  
  125  8:48  Stalker x2  
  131  8:55  Stalker x3  
  137  9:01  Nexus  
  137  9:03  Pylon  
  135  9:14  Pylon  
  135  9:15  Stalker  
  135  9:16  Pylon  
  131  9:27  Observer  
  131  9:35  Zealot x5, High Templar x2  
  147  9:38  Probe x3  
  147  9:43  Forge  
  147  9:45  Gateway  
  147  9:46  Gateway  
  147  9:49  Zealot  
  147  9:50  Gateway x2  
  147  9:52  Probe x2  
  151  9:53  Immortal  
  151  9:56  Pylon  
  153  10:08  Stalker x2  
  157  10:14  Assimilator  
  157  10:15  Assimilator, Robotics Bay  
  157  10:23  Stalker x6  
  157  10:25  Immortal  
  169  10:31  Probe x4  
  175  10:49  Protoss Ground Weapons Level 3  
  175  10:52  Protoss Ground Armor Level 2, High Templar x2  
  175  10:57  Pylon  
  179  10:58  Pylon  
  179  11:00  Pylon  
  179  11:02  Robotics Facility  
  179  11:04  Robotics Facility  
  179  11:09  Photon Cannon  
  179  11:14  Nexus, Disruptor  
  178  11:50  Disruptor  
  175  11:57  Stalker x11  
  175  11:58  Stalker  
  199  12:04  Archon  
  188  12:17  Disruptor x2  
  180  12:24  Zealot x9  
  180  12:25  Zealot x3  
  178  12:40  Colossus  
  158  12:45  Zealot x5  
  158  12:46  Zealot x7  
  158  12:47  Colossus  
  158  12:51  Colossus  
  166  12:52  Extended Thermal Lance  
  174  13:02  Protoss Shields Level 1  
  180  13:07  High Templar x4  
  180  13:11  Archon  
  188  13:12  Archon  
  188  13:17  Zealot  
  188  13:19  Zealot x3  
  196  13:26  Warp Prism  
  196  13:54  Stalker x2  
  184  14:30  Disruptor  
  184  14:31  Disruptor x2  
  186  14:35  Stalker  
  186  14:36  Stalker x4  
  158  14:55  Stalker x7  
  158  14:59  Archon  
  159  15:08  Disruptor x3  
  159  15:10  High Templar x4  
  159  15:11  Zealot  
  170  15:18  Pylon  
  170  15:21  Assimilator  
  166  15:25  Assimilator  
  166  15:28  Zealot x7  
  170  15:31  Nexus  
  170  15:32  Zealot  
  182  15:37  Observer x2  
  182  15:40  Pylon  
  182  15:45  Observer  
  182  15:48  Photon Cannon  
  184  15:51  Photon Cannon  
  184  15:53  Pylon  
  184  15:57  Zealot x8  
Tags
 
Add a new tag
Caveats
  • Supply blocks, unpowered buildings, or Contaminate may cause inaccurate times.
  • Supply counts are checked every 10 seconds.